 Dungeon Crawl Stone Soup version 0.29-a0-1065-g47a6bb87d6 (webtiles) character file.

Game seed: 3602745312061998172

168 Zeldest the Trooper (level 5, -3/42 HPs)
             Began as a Mummy Chaos Knight on Aug 18, 2022.
             Was a Plaything of Xom.
             Slain by a bullfrog (6 damage)
             ... on level 5 of the Dungeon.
             The game lasted 00:02:42 (2474 turns).

Zeldest the Trooper (Mummy Chaos Knight)            Turns: 2474, Time: 00:02:42

Health: -3/42      AC:  7    Str: 15    XL:     5   Next: 23%
Magic:  5/5        EV:  9    Int: 13    God:    Xom [..*...]
Gold:   67         SH:  0    Dex: 12    Spells: 4/4 levels left

rFire   x . .      SeeInvis .   i - +0 hand axe
rCold   + . .      Faith    .   (no shield)
rNeg    + + +      Spirit   .   f - +0 scale mail
rPois   ∞          Reflect  .   (no helmet)
rElec   .          Harm     .   m - scarf {repulsion}
rCorr   .          Rampage  .   (no gloves)
Will    .....                   e - +0 pair of boots
Stlth   ..........              (no amulet)
HPRegen 0.14/turn               (no ring)
MPRegen 0.09/turn               (no ring)

@: repel missiles
A: cold resistance 1, negative energy resistance 3, torment resistance 2, heat
vulnerability 1, in touch with death 1, no potions
a: Renounce Religion


You were on level 5 of the Dungeon.
You worshipped Xom.
You were a toy of Xom.
You visited 1 branch of the dungeon, and saw 5 of its levels.

You collected 67 gold pieces.

Inventory:

Hand Weapons
 a - a +0 hand axe of chaos
 i - a +0 hand axe (weapon)
Armour
 b - a +2 leather armour
 e - a +0 pair of boots (worn)
 f - a +0 scale mail (worn)
 m - a scarf of repulsion (worn)
Scrolls
 d - a scroll of fear {unknown}
 g - a scroll of identify {unknown}
 h - a scroll of torment {unknown}
 j - a scroll of summoning {unknown}
 k - a scroll of butterflies {unknown}
 l - a scroll of amnesia {unknown}
Miscellaneous
 c - a piece from Xom's chessboard (11/15) (quivered)


   Skills:
 + Level 4.2 Fighting
 + Level 3.4 Axes
 + Level 2.8 Armour
 - Level 0.7 Dodging


You had 4 spell levels left.
You didn't know any spells.
Your spell library contained the following spells:

 Spells                   Type           Power      Damage    Failure   Level
 Magic Dart               Conj           0%         1d3       75%         1
 Searing Ray              Conj           0%         2d4       87%         2
 Fulminant Prism          Conj/Hex       0%         3d6       100%        4


Dungeon Overview and Level Annotations

Branches:
Dungeon (5/15)
 Temple: D:4-7

Altars:
Xom

Annotations:
D:2 Sigmund


Innate Abilities, Weirdness & Mutations

You are immune to poison.
Your flesh is cold resistant. (rC+)
You are immune to negative energy. (rN+++)
You are immune to unholy pain and torment.
You are vulnerable to heat. (rF-)
You are in touch with the powers of death.
You do not drink.


Message History

You hit the orc priest.
You kill the orc priest!
You hit the orc.
You kill the orc!
Your piece from Xom's chessboard (11/15) has regained one charge.
You swap places.
Things that are here:
a +0 flail; a +0 leather armour You see here a cyan potion.
A bullfrog comes into view.
The bullfrog hits you.
* * * LOW HITPOINT WARNING * * *
You closely miss the bullfrog. The bullfrog barely misses you. x2
You slash the bullfrog!
The bullfrog is moderately wounded.
The bullfrog barely misses you.
You hit the bullfrog.
The bullfrog is heavily wounded.
The bullfrog hits you but does no damage.
The bullfrog hits you.
* * * LOW HITPOINT WARNING * * *
You hit the bullfrog but do no damage.
The bullfrog is heavily wounded.
The bullfrog closely misses you.
The bullfrog hits you but does no damage.
You hit the bullfrog.
The bullfrog is heavily wounded.
The bullfrog hits you.
* * * LOW HITPOINT WARNING * * *
The bullfrog hits you but does no damage.
You closely miss the bullfrog.
The bullfrog is heavily wounded.
The bullfrog hits you but does no damage.
You hit the bullfrog.
The bullfrog is severely wounded.
The bullfrog hits you but does no damage. x2
You hit the bullfrog.
The bullfrog is almost dead.
The bullfrog barely misses you. The bullfrog hits you.
You die...

#+#######.#
..........# #
.......b).# .#
.......b))##.# .#
...######!...#..#.#
..#######..###..#.#
........b..#....#
.......b.........
...#####@F.......
##...........##.
##...b......#
#.......<..#
#......###.#
#.......# .#
........# .
.......## # .......


You could see a bullfrog.

Vanquished Creatures
  An orc priest (D:5)
  Jessica (D:2)
  An iguana (D:4)
  An orc wizard (D:2)
  An adder (D:3)
  A dart slug (D:1)
  5 orcs
  8 ball pythons
  4 endoplasms
  A giant cockroach (D:2)
  2 goblins (D:1)
  6 hobgoblins
  7 bats
  2 frilled lizards (D:1)
  6 kobolds
  2 rats (D:1)
49 creatures vanquished.

Notes
Turn   | Place    | Note
-------+----------+-------------------------------------------
     0 | D:1      | Zeldest the Mummy Chaos Knight began the quest for the Orb.
     0 | D:1      | Reached XP level 1. HP: 18/18 MP: 1/1
    82 | D:1      | Reached XP level 2. HP: 9/24 MP: 2/2
   125 | D:1      | XOM: silly message
   581 | D:1      | Found a faded altar of an unknown god.
   886 | D:2      | Gained mutation: You are in touch with the powers of death.
                  | [Mummy growth]
   886 | D:2      | Reached XP level 3. HP: 29/29 MP: 3/3
  1030 | D:2      | Noticed Jessica
  1038 | D:2      | HP: 1/29 [Jessica/+0 club (4)]
  1039 | D:2      | Killed Jessica
  1489 | D:2      | Found a shimmering altar of Xom.
  1532 | D:2      | Noticed Sigmund
  1592 | D:3      | Reached XP level 4. HP: 32/37 MP: 4/4
  1599 | D:3      | XOM: silly message
  1600 | D:3      | XOM: 1-stop teleportation journey
  1856 | D:2      | XOM: smoke on damage
  2134 | D:3      | XOM: summons 2 hostile shadow creatures
  2219 | D:4      | XOM: summons friendly quasit
  2232 | D:4      | Reached skill level 4 in Fighting
  2417 | D:5      | Entered Level 5 of the Dungeon
  2449 | D:5      | Reached XP level 5. HP: 30/42 MP: 5/5
  2459 | D:5      | XOM: butterfly on damage
  2474 | D:5      | Slain by a bullfrog

Illustrated notes

Levels and vault maps discovered:
D:1:      minmay_arrival_solitary_statue, layout_basic,
          ebering_ecumenical_altar_hall
D:2:      layout_loops_ring, basic_altar, minmay_pentomino_p2, uniq_sigmund,
          uniq_jessica
D:3:      layout_loops_cross, zin_academy, uniq_robin
D:4:      layout_layer_cave, okawaru_trees_1, temple_fountains
D:5:      layout_basic, nicolae_overflow_crystal_walls, elyvilon_altar_3,
          nemelex_dance_club_becter, minmay_lizard_king

Skill      XL: |  1  2  3  4 |
---------------+-------------+-----
Armour         | 2 |  2.8
Axes           | 3 |  3.4
Fighting       | 4 |  4.2
Dodging        | |  0.7

Action                   |  1- 3 |  4- 6 || total
-------------------------+-------+-------++-------
Melee: Hand axe          |    95 |   103 ||   198
       Punch             |     1 |     1 ||     2
Evoke: Piece from Xom's  |     1 |     7 ||     8
 Stab: Sleeping          |     1 |       ||     1
Armor: Leather armour    |     6 |       ||     6
       Scale mail        |    33 |    50 ||    83
Dodge: Dodged            |    51 |    44 ||    95

Table legend: (Time is in decaauts)
 A = Elapsed time spent in this place.
 B = Non-inter-level travel time spent in this place.
 C = Inter-level travel time spent in this place.
 D = Time resting spent in this place.
 E = Time spent auto-exploring this place.
 F = Levels seen in this place.
 G = Mean time per level.
                   A        B        C        D        E       F      G
               +--------+--------+--------+--------+--------+-----+--------+
         Total |   2512 |   2446 |     66 |    967 |    998 |   5 |  502.4 |
       Dungeon |   2512 |   2446 |     66 |    967 |    998 |   5 |  502.4 |
               +--------+--------+--------+--------+--------+-----+--------+

Top non-repeatable levels by time:
     D:2: 1215 daAuts
     D:1: 882 daAuts
     D:4: 205 daAuts
     D:3: 150 daAuts
     D:5: 60 daAuts
